 Dungeon Crawl Stone Soup version 0.30-a0-723-gc1506a1cf0 (webtiles) character file.

Game seed: 16701500944765428375

431 avis the Shooter (level 6, -1/51 HPs)
             Began as a Demigod Hunter on Jan 29, 2023.
             Slain by Edmund
             ... wielding a +2 heavy flail
              (12 damage)
             ... on level 5 of the Dungeon.
             The game lasted 00:20:29 (3041 turns).

avis the Shooter (Demigod Hunter)                   Turns: 3041, Time: 00:20:29

Health: -1/51      AC: 10    Str: 12    XL:     6   Next: 39%
Magic:  8/8        EV: 14    Int: 11    God:
Gold:   201        SH:  0    Dex: 25    Spells: 5/5 levels left

rFire   + . .      SeeInvis +    b - +4 quarterstaff (chaos)
rCold   . . .      Faith    .    (shield currently unavailable)
rNeg    . . .      Spirit   .    E - +3 leather armour
rPois   .          Reflect  .    (no helmet)
rElec   .          Harm     .    p - +1 cloak
rCorr   .          Rampage  .    t - +0 pair of gloves
Will    .....                    e - +0 pair of boots
Stlth   ++                       (no amulet)
HPRegen 0.28/turn                g - ring of protection from fire
MPRegen 0.11/turn                q - ring of see invisible

@: no status effects
A: high MP 1, forlorn, divine attributes
a: no special abilities


You were on level 5 of the Dungeon.
You visited 2 branches of the dungeon, and saw 6 of its levels.

You collected 201 gold pieces.

Inventory:

Hand Weapons
 a - a +0 shortbow
 b - a +4 quarterstaff of chaos (weapon)
 w - a +2 dagger of venom
Missiles
 f - 6 poisoned darts
Armour
 e - a +0 pair of boots (worn)
 p - a +1 cloak (worn)
 t - a +0 pair of gloves (worn)
 E - a +3 leather armour (worn)
Jewellery
 g - a ring of protection from fire (left hand)
 q - a ring of see invisible (right hand)
Wands
 k - a wand of roots (13)
 y - a wand of polymorph (11)
Scrolls
 d - 4 scrolls of magic mapping {unknown}
 h - a scroll of vulnerability {unknown}
 i - a scroll of torment {unknown}
 j - a scroll of fog {unknown}
 l - 2 scrolls of identify {unknown}
 n - 2 scrolls of blinking {unknown}
 o - 3 scrolls of amnesia {unknown}
 r - a scroll of fear {unknown}
 s - a scroll of enchant weapon {unknown}
Potions
 c - a potion of ambrosia {unknown}
 z - a potion of attraction {unknown}
 A - a potion of degeneration {unknown}
 B - a potion of flight {unknown}
 C - a potion of resistance {unknown}


   Skills:
 - Level 3.0 Fighting
 - Level 6.0 Ranged Weapons
 * Level 3.4 Dodging
 - Level 2.0 Stealth


You had 5 spell levels left.
You didn't know any spells.
Your spell library was empty.

Dungeon Overview and Level Annotations

Branches:
Dungeon (5/15)             Temple (1/1) D:5

Shops:
D:5 (

Annotations:
D:4 Sigmund
D:5 Edmund


Innate Abilities, Weirdness & Mutations

You have an increased reservoir of magic. (+10% MP)
You shall have no god before yourself.
Your divine heritage dramatically boosts your attributes as you level up.


Message History

Edmund shouts!
Fire: a) +0 shortbow
Press: ? - help, Q - select action, (/) - cycle Shift-Dir - straight line, f/p - Edmund
Aim: Edmund, wielding a +2 heavy flail and wearing a +0 chain mail (74% to hit)
You shoot an arrow. The arrow hits Edmund.
Edmund is lightly wounded.
Fire: a) +0 shortbow
Press: ? - help, Q - select action, (/) - cycle Shift-Dir - straight line, f/p - Edmund
Aim: Edmund, wielding a +2 heavy flail and wearing a +0 chain mail (lightly wounded, 74% to hit)
You shoot an arrow.
The arrow hits Edmund but does no damage.
Edmund is lightly wounded.
Fire: a) +0 shortbow
Press: ? - help, Q - select action, (/) - cycle Shift-Dir - straight line, f/p - Edmund
Aim: Edmund, wielding a +2 heavy flail and wearing a +0 chain mail (lightly wounded, 74% to hit)
You shoot an arrow. The arrow hits Edmund.
Edmund is lightly wounded.
Fire: a) +0 shortbow
Press: ? - help, Q - select action, (/) - cycle Shift-Dir - straight line, f/p - Edmund
Aim: Edmund, wielding a +2 heavy flail and wearing a +0 chain mail (lightly wounded, 74% to hit)
You shoot an arrow.
The arrow hits Edmund but does no damage.
Edmund is lightly wounded.
Your +4 quarterstaff of chaos is briefly surrounded by a scintillating aura of random colours.
b - a +4 quarterstaff of chaos (weapon)
You hit Edmund. You burn Edmund.
Edmund is moderately wounded.
Edmund hits you with a +2 heavy flail!
You sock Edmund!
You feel better.
Edmund is severely wounded.
Edmund hits you with a +2 heavy flail!
You hit Edmund but do no damage.
Edmund is severely wounded.
Edmund hits you with a +2 heavy flail.
You hit Edmund. You burn Edmund.
Edmund is severely wounded.
Edmund hits you with a +2 heavy flail!
* * * LOW HITPOINT WARNING * * *
You feel better. Edmund hits you with a +2 heavy flail!
You die...

###########.......#
#.#.##### #.#...#
##.#.#.# #..#.....
## #.#### ###
....##### #.#
......@.# #.# ###@#
#.# ####.#.###.#
#..........#
#.##.#.#####
#.#....# ######.# #


You could see Edmund.

Vanquished Creatures
  A necrophage (D:5)
  A hound (D:5)
  A jelly (D:4)
  An orc priest (D:4)
  Crazy Yiuf (D:2)
  Jessica (D:2)
  An iguana (D:5)
  2 orc wizards (D:5)
  6 gnolls
  2 adders (D:3)
  A dart slug (D:5)
  6 orcs
  6 ball pythons
  8 endoplasms
  3 giant cockroaches
  5 goblins
  10 hobgoblins
  4 kobolds
  5 quokkas (D:2)
  4 bats
  3 frilled lizards
  5 rats
77 creatures vanquished.

Notes
Turn   | Place    | Note
-------+----------+-------------------------------------------
     0 | D:1      | avis the Demigod Hunter began the quest for the Orb.
     0 | D:1      | Reached XP level 1. HP: 17/17 MP: 3/3
   205 | D:1      | Reached skill level 4 in Ranged Weapons
   228 | D:1      | Reached XP level 2. HP: 24/24 MP: 4/4
   795 | D:2      | Reached XP level 3. HP: 29/29 MP: 5/5
  1156 | D:2      | Noticed Jessica
  1172 | D:2      | Killed Jessica
  1466 | D:2      | Found a runed translucent door.
  1467 | D:2      | Noticed Crazy Yiuf
  1478 | D:2      | Killed Crazy Yiuf
  1479 | D:2      | Reached XP level 4. HP: 11/37 MP: 6/6
  2341 | D:3      | Reached XP level 5. HP: 45/45 MP: 7/7
  2659 | D:4      | Reached skill level 5 in Ranged Weapons
  2775 | D:4      | Noticed Sigmund
  2775 | D:4      | You fall into a shaft and drop 1 floor!
  2775 | D:5      | Entered Level 5 of the Dungeon
  2811 | D:5      | Found a staircase to the Ecumenical Temple.
  2815 | Temple   | Entered the Ecumenical Temple
  2837 | D:5      | Reached XP level 6. HP: 50/51 MP: 8/8
  2868 | D:5      | Reached skill level 6 in Ranged Weapons
  2899 | D:5      | Found Ynilupo's Weapon Boutique.
  3030 | D:5      | Noticed Edmund
  3040 | D:5      | HP: 2/51 [Edmund/+2 heavy flail (16)]
  3041 | D:5      | Slain by Edmund

Illustrated notes

Levels and vault maps discovered:
D:1:      mrwooster_arrival_statue_3, layout_loops_ring,
          chequers_ecumenical_altar_island
D:2:      layout_basic, uniq_jessica, uniq_crazy_yiuf_cottage
D:3:      layout_basic, nicolae_gozag_cash_rules_everything_around_me,
          dk_noncrumbling_3
D:4:      layout_cave_pools, nicolae_wu_jian_wuxing_cycle,
          nemelex_dance_club_becter, serial_rivers,
          chequers_serial_rivers_micro_d, chequers_serial_rivers_large_b,
          chequers_serial_rivers_micro_d, chequers_serial_rivers_micro_b,
          chequers_serial_rivers_marsh, chequers_serial_rivers_large_a,
          ebering_ghost_disaster_area, minmay_crystal_room, uniq_sigmund
D:5:      layout_basic, minmay_temple_entry_glassed_door, serial_shops, shop,
          shop, amethyst_killhole, uniq_edmund, uniq_eustachio
Temple:   dpeg_chambers_temple

Skill      XL: |  1  2  3  4  5  6 |
---------------+-------------------+-----
Fighting       | 2 3 |  3.0
Ranged Weapons | 4 5 6 |  6.0
Dodging        | 2 3 |  3.4
Stealth        | 2 |  2.0

Action                     |  1- 3 |  4- 6 || total
---------------------------+-------+-------++-------
  Melee: Unarmed           |     3 |       ||     3
         Quarterstaff      |       |    54 ||    54
   Fire: Shortbow          |    99 |    54 ||   153
    Use: Potion            |     2 |     1 ||     3
 Armour: Leather armour    |     4 |    15 ||    19
         Skin              |     2 |       ||     2
  Dodge: Dodged            |    16 |    41 ||    57

Table legend: (Time is in decaauts)
 A = Elapsed time spent in this place.
 B = Non-inter-level travel time spent in this place.
 C = Inter-level travel time spent in this place.
 D = Time resting spent in this place.
 E = Time spent auto-exploring this place.
 F = Levels seen in this place.
 G = Mean time per level.
                   A        B        C        D        E       F      G
               +--------+--------+--------+--------+--------+-----+--------+
         Total |   3089 |   2671 |    418 |    321 |   1596 |   6 |  514.8 |
       Dungeon |   3082 |   2664 |    418 |    321 |   1596 |   5 |  616.4 |
        Temple |      6 |      6 |      0 |      0 |      0 |   1 |    6.0 |
               +--------+--------+--------+--------+--------+-----+--------+

Top non-repeatable levels by time:
     D:2: 1209 daAuts
     D:3: 822 daAuts
     D:1: 705 daAuts
     D:5: 263 daAuts
     D:4: 81 daAuts
  Temple: 6 daAuts
